 Dungeon Crawl Stone Soup version 0.29.0-4-gdea44cf6ec (webtiles) character file.

Game seed: 16375944529190163976

557 qw the Chopper (level 7, -11/42 HPs)
             Began as a Tengu Warper on Aug 28, 2022.
             Killed from afar by a centaur (15 damage)
             ... with a bolt of acid
             ... on level 5 of the Dungeon.
             The game lasted 00:00:26 (5461 turns).

qw the Chopper (Tengu Warper)                       Turns: 5461, Time: 00:00:26

Health: -11/42     AC:  6    Str: 13    XL:     7   Next: 30%
Magic:  11/11      EV:  7    Int: 13    God:
Gold:   184        SH:  0    Dex: 14    Spells: 10/10 levels left

rFire   . . .      SeeInvis .   f - +1 war axe (elec)
rCold   . . .      Faith    .   (no shield)
rNeg    . . .      Spirit   .   k - +0 chain mail
rPois   .          Reflect  .   (helmet restricted)
rElec   .          Harm     .   (no cloak)
rCorr   .          Rampage  .   l - +1 pair of gloves
Will    .....                   (boots unavailable)
Stlth   ..........              (no amulet)
HPRegen 0.14/turn               (no ring)
MPRegen 0.12/turn               (no ring)

@: about to teleport, corroded, flying quickly and evasively, quick
A: beak, talons 3, nimble flight
a: no special abilities


You were on level 5 of the Dungeon.
You visited 1 branch of the dungeon, and saw 5 of its levels.

You collected 233 gold pieces.
You spent 49 gold pieces at shops.


Innate Abilities, Weirdness & Mutations

You have a beak for a mouth.
You have claws for feet.
Your magical nature lets you fly swiftly and evasively.


   Skills:
 - Level 3.8 Fighting
 + Level 7.4 Axes
 - Level 1.0 Throwing
 - Level 2.3 Armour
 - Level 2.1 Dodging
 - Level 2.0 Spellcasting
 - Level 2.4 Translocations


You had 10 spell levels left.
You didn't know any spells.
Your spell library contained the following spells:

 Spells                   Type           Power      Damage    Failure   Level
 Blink                    Tloc           14%        N/A       99%         2
 Gell's Gravitas          Tloc           7%         N/A       100%        3
 Lesser Beckoning         Tloc           7%         N/A       100%        3
 Teleport Other           Tloc           7%         N/A       100%        3
 Manifold Assault         Tloc           7%         N/A       100%        5

Inventory:

Hand Weapons
 f - a +1 war axe of electrocution (weapon)
 j - a +0 flail
Armour
 k - a +0 chain mail (worn)
 l - a +1 pair of gloves (worn)
Jewellery
 d - a ring of ice
Scrolls
 b - a scroll of identify
Potions
 a - 3 potions of curing
 g - a potion of might
 h - a potion of magic {unknown}
 i - a potion of mutation {unknown}
 n - a potion of lignification {unknown}
 o - a potion of flight {unknown}

Dungeon Overview and Level Annotations

Branches:
Dungeon (5/15)
 Temple: D:4-7

Altars:
Sif Muna

Shops:
D:4 (


Message History

5419 ||| Stepping ~*~*~tactically~*~*~ (stealth).
5420 ||| Stepping ~*~*~tactically~*~*~ (stealth).
The scorpion stings you.
You closely miss the scorpion.
The scorpion stings you but does no damage.
You hit the scorpion.
Lightning courses through the scorpion!!
You kill the scorpion!
You start resting.
HP restored.
The centaur wields a +0 shortbow.
The centaur shoots an arrow.
The arrow barely misses you.
Enter note: The centaur shoots an arrow.
The arrow closely misses you.
The centaur shoots an arrow.
The arrow hits you.
Found a spear.
The centaur shoots an arrow.
The arrow hits you.
You closely miss the centaur. You claw the centaur, but do no damage.
The centaur zaps a wand.
The bolt of acid hits you.
The centaur unwields a +0 shortbow.
The centaur barely misses you. x2
You slash the centaur! You claw the centaur.
The centaur is heavily wounded.
The centaur zaps a wand.
The bolt of acid hits you! The acid corrodes you!
You barely miss the centaur. You claw the centaur, but do no damage.
The centaur is heavily wounded.
The centaur hits you.
The centaur kicks you but does no damage.
The centaur closely misses you.
The centaur kicks you but does no damage.
You slash the centaur! You claw the centaur, but do no damage.
Your peck misses the centaur.
The centaur is almost dead.
The centaur hits you but does no damage.
The centaur barely misses you.
The centaur zaps a wand.
The bolt of acid hits you!!
5461 ||| READING scroll of teleportation.
As you read the scroll of teleportation, it crumbles to dust.
You feel strangely unstable.
The centaur zaps a wand.
The bolt of acid hits you!
You die...

#.....## #
.............##......###
.............##....#..#
#............##....##.##
#............##>...##..#
#............##.....%...
#............##.........
#)...........####.......
#.....c@.....##.........
#............##.........
###..........##.........
#..........##...######
#..$..................
#.....................
#.....................
##########............
#............


You could see a centaur.

Vanquished Creatures
  A steam dragon (D:5)
  2 necrophages
  A scorpion (D:5)
  A howler monkey (D:5)
  2 hounds
  An iguana (D:5)
  3 adders
  An ufetubus (D:5)
  A worm (D:1)
  5 dart slugs
  3 endoplasms
  2 giant cockroaches
  4 goblins
  4 hobgoblins
  6 jackals
  4 quokkas
  4 ball pythons
  8 bats
  6 frilled lizards
  13 kobolds
  3 rats
75 creatures vanquished.

Notes
Turn   | Place    | Note
-------+----------+-------------------------------------------
     0 | D:1      | qw the Tengu Warper began the quest for the Orb.
     0 | D:1      | Reached XP level 1. HP: 12/12 MP: 4/4
     0 | D:1      | 0 ||| qw: Version: 0.1-a-89-g26bdef1
     0 | D:1      | 0 ||| qw: Game counter: 1241
     0 | D:1      | 0 ||| qw: Always use a shield: true
     0 | D:1      | 0 ||| qw: God list: Okawaru
     0 | D:1      | 0 ||| qw: Allow faded altars: false
     0 | D:1      | 0 ||| qw: Do Orc after D:15 true
     0 | D:1      | 0 ||| qw: Do second Lair branch before Depths: true
     0 | D:1      | 0 ||| qw: Lair rune preference: random
     0 | D:1      | 0 ||| qw: Plans: Normal
     0 | D:1      | 0 ||| PLANNING D:1-11
    88 | D:1      | Found a faded altar of an unknown god.
   349 | D:1      | Reached XP level 2. HP: 15/17 MP: 6/6
   388 | D:1      | Reached skill level 3 in Axes
  1309 | D:1      | 1309 ||| UPGRADING to +0 ring mail.
  1319 | D:1      | 1319 ||| DROPPING +0 leather armour.
  1320 | D:1      | 1320 ||| READING scroll labelled WUCKEK AWA.
  1321 | D:1      | 1321 ||| READING scroll labelled NIRIYMI CUPE.
  1322 | D:1      | 1322 ||| READING scroll labelled OPEMI VOFESEEL.
  1323 | D:1      | 1323 ||| READING scroll labelled DUEDGH LOUT.
  1327 | D:1      | 1327 ||| DROPPING scroll of blinking.
  1373 | D:2      | 1373 ||| STAIRDANCE
  1413 | D:2      | 1413 ||| STAIRDANCE
  1490 | D:2      | 1490 ||| STAIRDANCE
  1603 | D:2      | Reached XP level 3. HP: 21/21 MP: 7/7
  1663 | D:2      | 1663 ||| Stepping ~*~*~tactically~*~*~ (hiding).
  1717 | D:2      | 1717 ||| Stepping ~*~*~tactically~*~*~ (stealth).
  1754 | D:2      | Reached skill level 4 in Axes
  1965 | D:2      | Noticed a necrophage
  1978 | D:2      | Killed a necrophage
  1979 | D:2      | Reached skill level 5 in Axes
  1979 | D:2      | Reached XP level 4. HP: 24/26 MP: 8/8
  2206 | D:2      | Gained mutation: Your magical nature lets you fly swiftly
                  | and evasively. [Tengu growth]
  2206 | D:2      | Reached XP level 5. HP: 30/30 MP: 9/9
  2443 | D:2      | 2443 ||| FLEEEEING.
  2444 | D:2      | 2444 ||| FLEEEEING.
  2445 | D:2      | 2445 ||| FLEEEEING.
  2549 | D:2      | 2549 ||| UPGRADING to +0 chain mail.
  2559 | D:2      | 2559 ||| DROPPING +0 ring mail.
  2560 | D:2      | 2560 ||| UPGRADING to +0 pair of gloves.
  2565 | D:2      | 2565 ||| READING scroll labelled LIREFINIENE.
  2666 | D:2      | 2666 ||| READING scroll labelled FABUSTR OVACA.
  2667 | D:2      | 2667 ||| READING scroll labelled WIDWATR INAY.
  3147 | D:3      | Found a shimmering blue altar of Sif Muna.
  3255 | D:3      | 3255 ||| Stepping ~*~*~tactically~*~*~ (stealth).
  3283 | D:3      | 3283 ||| Stepping ~*~*~tactically~*~*~ (stealth).
  3698 | D:3      | 3698 ||| READING scroll labelled XUCRIRAORR.
  3699 | D:3      | 3699 ||| READING scroll labelled ZOC KUNEKIO.
  3700 | D:3      | 3700 ||| DRINKING 2 bubbling clear potions.
  3701 | D:3      | 3701 ||| READING 2 scrolls of identify.
  3701 | D:3      | 3701 ||| IDENTIFYING fuming yellow potion
  3702 | D:3      | 3702 ||| DROPPING potion of berserk rage.
  3703 | D:3      | 3703 ||| DROPPING potion of brilliance.
  3704 | D:3      | 3704 ||| Stepping randomly (stuck).
  3705 | D:3      | 3705 ||| Stepping ~*~*~tactically~*~*~ (cloud).
  3711 | D:3      | HP: 7/30 [poisoned by you (poison gas)]
  4179 | D:4      | 4179 ||| Stepping ~*~*~tactically~*~*~ (hiding).
  4184 | D:4      | Reached skill level 6 in Axes
  4291 | D:4      | 4291 ||| READING scroll of enchant armour.
  4291 | D:4      | 4291 ||| ENCHANTING +0 pair of gloves.
  4426 | D:4      | Found Ullue's Weapon Shop.
  4435 | D:4      | 4435 ||| BUYING +0 war axe (49 gold).
  4435 | D:4      | Bought a +0 war axe for 49 gold pieces
  4435 | D:4      | 4435 ||| SWAPPING to +0 war axe.
  4436 | D:4      | 4436 ||| DROPPING +1 hand axe.
  4950 | D:4      | 4950 ||| SWAPPING to +1 war axe of electrocution.
  4951 | D:4      | 4951 ||| DROPPING +0 war axe.
  5084 | D:4      | 5084 ||| DRINKING 2 smoky black potions.
  5085 | D:4      | 5085 ||| READING 3 scrolls of identify.
  5085 | D:4      | 5085 ||| IDENTIFYING coppery potion
  5086 | D:4      | 5086 ||| READING 2 scrolls of identify.
  5086 | D:4      | 5086 ||| IDENTIFYING amethyst potion
  5087 | D:4      | 5087 ||| DROPPING potion of attraction.
  5088 | D:4      | 5088 ||| DROPPING potion of degeneration.
  5098 | D:5      | Entered Level 5 of the Dungeon
  5103 | D:5      | Reached XP level 6. HP: 35/35 MP: 10/10
  5210 | D:5      | Reached skill level 7 in Axes
  5217 | D:5      | 5217 ||| Stepping ~*~*~tactically~*~*~ (stealth).
  5271 | D:5      | Noticed a steam dragon
  5281 | D:5      | Killed a steam dragon
  5282 | D:5      | Reached skill level 3 in Fighting
  5282 | D:5      | Reached XP level 7. HP: 25/42 MP: 11/11
  5419 | D:5      | 5419 ||| Stepping ~*~*~tactically~*~*~ (stealth).
  5420 | D:5      | 5420 ||| Stepping ~*~*~tactically~*~*~ (stealth).
  5460 | D:5      | HP: 4/42 [centaur/bolt of acid (18)]
  5461 | D:5      | 5461 ||| READING scroll of teleportation.
  5461 | D:5      | Killed from afar by a centaur

Levels and vault maps discovered:
D:1:      denvon_arrival_waterhouse, layout_basic,
          shapermc_ecumenical_altar_venn
D:2:      layout_basic
D:3:      layout_basic, mainiacjoe_overflow_tiny_flanked,
          grunt_decor_mini_mirrors, kennysheep_generic_room_6
D:4:      layout_layer_cave, serial_shops, nicolae_shop_bloodbath_and_beyond
D:5:      layout_basic, uniq_edmund

Skill      XL: |  1  2  3  4  5  6 |
---------------+-------------------+-----
Axes           | 3 5 6 7 |  7.4
Armour         | 2 |  2.3
Fighting       | 3 |  3.8
Throwing       | |  1.0
Dodging        | |  2.1
Spellcasting   | |  2.0
Translocations | |  2.4

Action                   |  1- 3 |  4- 6 |  7- 9 || total
-------------------------+-------+-------+-------++-------
Melee: Hand axe          |    76 |    80 |       ||   156
       Peck              |    16 |    11 |       ||    27
       Kick              |    15 |    23 |     4 ||    42
       War axe           |       |    27 |     6 ||    33
       Punch             |       |     1 |       ||     1
Throw: Boomerang         |     7 |       |       ||     7
  Use: Scroll            |     4 |     9 |     1 ||    14
       Potion            |       |     2 |       ||     2
Armor: Leather armour    |    17 |       |       ||    17
       Ring mail         |    11 |     9 |       ||    20
       Chain mail        |       |    46 |     4 ||    50
Dodge: Dodged            |    55 |    48 |     6 ||   109

Table legend:
 A = Non-vault XP
 B = Vault XP
 C = Vault XP percentage of total XP
 D = Non-vault monster count
 E = Vault monster count
 F = Vault count percentage of total count
                 A         B        C        D         E       F
            +---------+---------+-------+---------+---------+-------
      Total |     795 |       2 |   0.3 |      73 |       2 |   2.7
            +---------+---------+-------+---------+---------+-------
        D:1 |      29 |       0 |   0.0 |      17 |       0 |   0.0
        D:2 |     143 |       0 |   0.0 |      23 |       0 |   0.0
        D:3 |     100 |       2 |   2.0 |      18 |       2 |  10.0
        D:4 |      15 |       0 |   0.0 |       7 |       0 |   0.0
        D:5 |     508 |       0 |   0.0 |       8 |       0 |   0.0
            +---------+---------+-------+---------+---------+-------
